 Dungeon Crawl Stone Soup version 0.31-a0-965-g8a8ce12e04 (webtiles) character file.

Game seed: 14212304381607860221

210 magipi the Slasher (level 5, -8/61 HPs)
             Began as a Vampire Berserker on Oct 26, 2023.
             Was a Believer of Trog.
             Mangled by Crazy Yiuf
             ... wielding a +2 quarterstaff of chaos
              (13 damage)
             ... on level 3 of the Dungeon.
             The game lasted 00:08:08 (2186 turns).

magipi the Slasher (Vampire Berserker)              Turns: 2186, Time: 00:08:09

Health: -8/61      AC: 22    Str: 18    XL:     5   Next: 57%
Magic:  5/5        EV:  2    Int:  9    God:    Trog [**....]
Gold:   160        SH:  0    Dex: 14    Spells: 4/4 levels left

rFire   . . .        b - +2 dagger (elec)
rCold   . . .        (no shield)
rNeg    . . .        i - melded +0 chain mail
rPois   +            n - melded +0 helmet
rElec   .            (cloak currently unavailable)
rCorr   .            (gloves currently unavailable)
SInv    +            (boots currently unavailable)
Will    .....        (no amulet)
Stlth   +            (no ring)
HPRegen 0.50/turn    (no ring)
MPRegen 0.09/turn

%: no passive effects
@: brilliant, agile, tree-form, on berserk cooldown, attractive, healing
quickly, hasted and slowed
A: stationary, stasis, torment immunity, boosted hp, alive, (fangs 3), see
invisible, vampiric 2
a: Exsanguinate, Renounce Religion, Berserk, Trog's Hand


You were on level 3 of the Dungeon.
You worshipped Trog.
Trog was pleased with you.
You were a tree.
You visited 1 branch of the dungeon, and saw 3 of its levels.

You collected 160 gold pieces.

Inventory:

Hand Weapons
 a - a +0 falchion
 b - a +2 dagger of electrocution (weapon)
   (You took it off an orc priest on level 2 of the Dungeon)
Missiles
 f - 3 boomerangs (quivered)
 h - 2 darts of dispersal
Armour
 i - a +0 chain mail (melded)
   (You took it off an orc on level 2 of the Dungeon)
 n - a +0 helmet (melded)
   (You took it off Robin on level 3 of the Dungeon)
Scrolls
 d - a scroll of blinking {unknown}
 j - a scroll of fear {unknown}
 l - a scroll of revelation {unknown}
 m - a scroll of identify {unknown}
 o - a scroll of enchant armour {unknown}
Potions
 e - a potion of brilliance


   Skills:
 - Level 3.4 Fighting
 * Level 4.6 Long Blades
 + Level 0.6 Throwing
 + Level 2.5 Armour
 - Level 3.2 Dodging


You had 4 spell levels left.
You didn't know any spells.
Your spell library was empty.

Dungeon Overview and Level Annotations

Branches:
Dungeon (3/15)

Altars:

Annotations:
D:3 Crazy Yiuf


Innate Abilities, Weirdness & Mutations

You are a tree.
Your roots penetrate the ground, keeping you stationary.
You cannot be teleported.
You are immune to unholy pain and torment.
Your maximum health is greatly increased.
Your equipment is partially melded.
Your natural rate of healing is accelerated.
((You have razor-sharp teeth.))
You have supernaturally acute eyesight. (SInv)
You are afflicted with vampirism and can become a bat while bloodless.


Message History

a +0 falchion; a +0 leather armour; an orc corpse You see here a +0 club.
Items here: ))) [.
There is a shaft here.
There is a shaft here.
You see here a ball python skeleton.
There is an open door here.
As you open the door, it creaks loudly!
There is an open door here.
You open the door.
Found a hammer.
Found a runed translucent door.
Crazy Yiuf shouts!
You open the door.
A red film seems to cover your vision as you go berserk!
You feel yourself moving faster!
You feel mighty! Crazy Yiuf hits you but does no damage.
You closely miss Crazy Yiuf.
Crazy Yiuf flaps his cloak.
Crazy Yiuf hits you with a +2 quarterstaff of chaos!
You are confused.
You miss Crazy Yiuf.
You bump into the stone wall.
Crazy Yiuf hits you with a +2 quarterstaff of chaos!
Crazy Yiuf freezes you.
You bump into the rock wall.
You feel a strong urge to attack something.
Crazy Yiuf barely misses you.
You're too confused to move!
You feel your anger nearly subside.
You bump into the rock wall.
You are no longer berserk.
You are exhausted.
You feel yourself slow down. Crazy Yiuf hits you but does no damage.
You bump into the rock wall.
You feel less confused.
Crazy Yiuf grits, "Tosser sallow pizzabubble!"
Crazy Yiuf barely misses you.
You aren't carrying any items that you can evoke.
Unknown command.
Unknown command.
Okay, then.
Unknown command.
Okay, then.
Unknown command.
You hit Crazy Yiuf but do no damage. You bite Crazy Yiuf, but do no damage.
Crazy Yiuf hits you with a +2 quarterstaff of chaos.
You hit Crazy Yiuf.
Crazy Yiuf is lightly wounded.
Crazy Yiuf hits you with a +2 quarterstaff of chaos!
You are poisoned.
Crazy Yiuf hits you with a +2 quarterstaff of chaos.
Crazy Yiuf burns you.
It was a potion of brilliance.
You feel clever all of a sudden.
You feel very sick.
Crazy Yiuf hits you with a +2 quarterstaff of chaos.
* * * LOW HITPOINT WARNING * * *
You feel yourself speed up.
Unknown command.
It was a potion of attraction.
You feel attractive to monsters.
You feel sick. Crazy Yiuf hits you but does no damage.
You feel agile all of a sudden.
Unknown command.
Unknown command.
It was a potion of lignification.
You turn into a tree.
Your +0 helmet melds into your body.
Your +0 chain mail melds into your body.
Your roots penetrate the ground.
You feel sick. Crazy Yiuf hits you but does no damage.
You hit Crazy Yiuf but do no damage.
Crazy Yiuf is lightly wounded.
You feel sick. Crazy Yiuf hits you but does no damage.
You are more poisoned.
It was a potion of curing.
You feel better. Crazy Yiuf hits you but does no damage.
You hit Crazy Yiuf.
Crazy Yiuf is lightly wounded.
Crazy Yiuf completely misses you.
You hit Crazy Yiuf.
Crazy Yiuf is moderately wounded.
Crazy Yiuf hits you but does no damage.
You hit Crazy Yiuf but do no damage.
Crazy Yiuf is moderately wounded.
Crazy Yiuf whimpers, "East!"
Crazy Yiuf hits you with a +2 quarterstaff of chaos!
* * * LOW HITPOINT WARNING * * *
You convulse.
* * * LOW HITPOINT WARNING * * *
You barely miss Crazy Yiuf.
Crazy Yiuf is moderately wounded.
You closely miss Crazy Yiuf.
Crazy Yiuf is moderately wounded.
Crazy Yiuf hits you but does no damage.
You hit Crazy Yiuf.
Crazy Yiuf is heavily wounded.
Crazy Yiuf hits you with a +2 quarterstaff of chaos.
* * * LOW HITPOINT WARNING * * *
You are electrocuted!
You die...

#......))))..#########.#
#.##########...........#
### #############
########## #........#
### ###.....##.# #)..###
###'...##.##.#
#...'g####......##.##..
#...##♣.#......###'##..
### ###.#..+.#........
########........
+.......# #.......#
#.......# #######.# #.#
..#


You could see Crazy Yiuf.

Vanquished Creatures
  2 orc priests
  An orc wizard (D:3)
  Robin (D:3)
  3 adders
  A worm (D:2)
  A dart slug (D:1)
  11 orcs
  3 endoplasms
  3 giant cockroaches
  9 goblins
  9 hobgoblins
  3 jackals (D:3)
  8 kobolds
  4 quokkas
  4 ball pythons
  A bat (D:3)
  4 frilled lizards
  4 rats
72 creatures vanquished.

Notes
Turn   | Place    | Note
-------+----------+-------------------------------------------
     0 | D:1      | magipi the Vampire Berserker began the quest for the Orb.
     0 | D:1      | Reached XP level 1. HP: 17/17 MP: 1/1
   157 | D:1      | Found a faded altar of an unknown god.
   362 | D:1      | Reached XP level 2. HP: 19/23 MP: 2/2
   699 | D:2      | Gained mutation: You are afflicted with vampirism and can
                  | become a bat while bloodless. [Vampire growth]
   699 | D:2      | Reached XP level 3. HP: 28/28 MP: 3/3
   812 | D:2      | Reached ** piety under Trog
   813 | D:2      | Reached XP level 4. HP: 35/35 MP: 4/4
   978 | D:2      | Reached skill level 4 in Long Blades
  1467 | D:3      | Noticed Robin
  1481 | D:3      | Killed Robin
  1482 | D:3      | Reached XP level 5. HP: 37/41 MP: 5/5
  2028 | D:3      | Reached *** piety under Trog
  2160 | D:3      | Found a runed translucent door.
  2161 | D:3      | Noticed Crazy Yiuf
  2186 | D:3      | Mangled by Crazy Yiuf

Illustrated notes

Levels and vault maps discovered:
D:1:      lemuel_arrival_room, layout_basic, chequers_ecumenical_altar_twisty,
          supply_closet_lemuel, hangedman_decor_opposing
D:2:      layout_basic
D:3:      layout_basic, kennysheep_orc_chapel, uniq_robin,
          uniq_crazy_yiuf_cottage

Skill      XL: |  1  2  3  4 |
---------------+-------------+-----
Fighting       | 3 |  3.4
Armour         | 2 |  2.5
Long Blades    | 4 |  4.6
Dodging        | 3 |  3.2
Throwing       | |  0.6

Action                     |  1- 3 |  4- 6 || total
---------------------------+-------+-------++-------
  Melee: Dagger            |    44 |   161 ||   205
         Falchion          |     7 |       ||     7
         Bite              |     4 |    11 ||    15
         Punch             |     1 |     2 ||     3
 Invoke: Berserk           |     1 |     3 ||     4
         Trog's Hand       |       |     1 ||     1
    Use: Potion            |       |     4 ||     4
 Armour: Animal skin       |    11 |       ||    11
         Ring mail         |    12 |       ||    12
         Chain mail        |     1 |   107 ||   108
         Skin              |       |     7 ||     7
  Dodge: Dodged            |    21 |    40 ||    61

Table legend: (Time is in decaauts)
 A = Elapsed time spent in this place.
 B = Non-inter-level travel time spent in this place.
 C = Inter-level travel time spent in this place.
 D = Time resting spent in this place.
 E = Time spent auto-exploring this place.
 F = Levels seen in this place.
 G = Mean time per level.
                   A        B        C        D        E       F      G
               +--------+--------+--------+--------+--------+-----+--------+
         Total |   2189 |   2124 |     65 |     63 |   1092 |   3 |  729.7 |
       Dungeon |   2189 |   2124 |     65 |     63 |   1092 |   3 |  729.7 |
               +--------+--------+--------+--------+--------+-----+--------+

Top non-repeatable levels by time:
     D:3: 831 daAuts
     D:2: 692 daAuts
     D:1: 665 daAuts

Action                     |  1- 3 |  4- 6 || total
---------------------------+-------+-------++-------
  Melee: Dagger            |    44 |   161 ||   205
         Falchion          |     7 |       ||     7
         Bite              |     4 |    11 ||    15
         Punch             |     1 |     2 ||     3
 Invoke: Berserk           |     1 |     3 ||     4
         Trog's Hand       |       |     1 ||     1
    Use: Potion            |       |     4 ||     4
 Armour: Animal skin       |    11 |       ||    11
         Ring mail         |    12 |       ||    12
         Chain mail        |     1 |   107 ||   108
         Skin              |       |     7 ||     7
  Dodge: Dodged            |    21 |    40 ||    61
